Cogmind - Beta 17 @@@ ROGUE MODE // 2026.08.04 @ 00:38:36 Player: 4R-ZE3 Result: Self-destructed Performance ------------- Evolutions (2) 1000 Regions Visited (3) 600 Robots Destroyed (20) 100 Value Destroyed (497) 497 Prototype IDs (0) 0 Alien Tech Used (0) 0 Bonus (0) 0 TOTAL SCORE: 2197 Bonus ------- None Cogmind --------- Core Integrity 550/550 Matter 245/300 Energy 265/265 System Corruption 0% Temperature Cool (0) Movement Treading (160) Location -8/Materials Parts ------- > --- POWER (1) -------- Improved Ion Engine > --- PROPULSION (4) --- Light Treads Light Treads > --- UTILITY (4) ------ Large Storage Unit Makeshift Light Armor Plating > --- WEAPON (2) ------- Subdweller Machine Gun Subdweller Machine Gun > --- INVENTORY (15) --- Light Treads Light Humpback Medium Matter Pod (100) Scrap Shield Assault Rifle Autogun Autogun Autogun Subdweller Machine Gun Barrage Gun Battle Cannon Battle Cannon Mining Claw Peak State ------------ > --- POWER ------------ Improved Ion Engine > --- PROPULSION ------- Light Treads Light Treads > --- UTILITY ---------- Large Storage Unit Makeshift Light Armor Plating > --- WEAPON ----------- Subdweller Machine Gun Subdweller Machine Gun > --- INVENTORY -------- Light Treads Light Humpback Medium Matter Pod Scrap Shield Assault Rifle Autogun Autogun Autogun Subdweller Machine Gun Barrage Gun Battle Cannon Battle Cannon Mining Claw [Rating: 15] Favorites ----------- Power Improved Ion Engine Engine Improved Ion Engine Propulsion Light Treads Treads Light Treads Utility Large Storage Unit Device Subdweller Optics Storage Large Storage Unit Protection Makeshift Light Armor Plating Weapon Autogun Ballistic Gun Autogun Slashing Weapon Mining Claw Build | -11 -10 -10 -8 ------- Run | Yrd Mat Sub Mat Slots Evolved 4 | . . . 4 Power . | . . . . Propulsion 2 | . . . 2 Utility 2 | . . . 2 Weapon . | . . . . Parts Attached 19 | 6 5 8 . Power 3 | 1 1 1 . Engine 3 | 1 1 1 . Core . | . . . . Reactor . | . . . . Propulsion 3 | 2 . 1 . Treads 3 | 2 . 1 . Leg . | . . . . Wheel . | . . . . Hover . | . . . . Flight . | . . . . Utility 5 | 1 2 2 . Device 1 | . . 1 . Storage 3 | 1 2 . . Processor . | . . . . Hackware . | . . . . Protection 1 | . . 1 . Artifact . | . . . . Weapon 8 | 2 2 4 . Energy Gun . | . . . . Energy Cannon . | . . . . Ballistic Gun 7 | 2 2 3 . Ballistic Cannon . | . . . . Launcher . | . . . . Special Weapon . | . . . . Impact Weapon . | . . . . Slashing Weapon 1 | . . 1 . Piercing Weapon . | . . . . Special Melee Weapon . | . . . . Unidentified Prototypes . | . . . . Parts Lost 2 | . . 2 . Power . | . . . . Propulsion 1 | . . 1 . Utility 1 | . . 1 . Weapon . | . . . . Highest Loss Streak 1 | . . 1 . To Critical Strikes . | . . . . Average Backups 10 | 1 7 12 . Power . | . 1 . . Propulsion 2 | 1 2 2 . Utility . | . . 1 . Weapon 6 | . 4 8 . Tool/Special . | . . . . Unused Backups 12 | . 3 2 7 Power 1 | . 1 . . Propulsion 3 | . 1 1 1 Utility 1 | . . . 1 Weapon 7 | . 1 1 5 Tool/Special . | . . . . Average Slot Usage (%) 94 | . 91 95 . Engine 14 | . 14 14 . Treads 27 | . 28 27 . Device 1 | . . 2 . Storage 20 | . 19 20 . Ballistic Gun 27 | . 28 26 . Peak Build Rating 15 | 6 11 15 . Average Rating 10 | 4 10 11 . On Entrance 8 | . 6 11 15 Avg Prop Armor Cover (%) . | . . . . Naked Turns . | . . . . Heaviest Build 39 | 13 35 39 . Greatest Support 40 | 40 40 40 . Greatest Overweight (x) 1 | . . 1 . Average Overweight (x) . | . . . . Largest Inventory Capacity 15 | 8 15 15 . Average Capacity 12 | 6 9 15 . Most Carried 15 | 3 9 15 . Average Carried 11 | 1 8 13 . Final Capacity 15 | 8 15 15 15 Final Carried 15 | 3 9 15 15 Class Distribution -------------------- 100% | Mutant Dominant Class ---------------- Mutant | -10/Materials Mutant | -10/Subcaves Mutant | -8/Materials Resources | -11 -10 -10 -8 ----------- Run | Yrd Mat Sub Mat Matter Collected 713 | 193 150 370 . Remotely . | . . . . Salvage Created 568 | . 274 294 . Parts 43 | . 23 20 . Haulers Intercepted 1 | . 1 . . Recyclers Shooed . | . . . . Parts Field Recycled . | . . . . Retrieved Matter . | . . . . Parts Self-Destructed 8 | . . 8 . Prevented . | . . . . Parts Restored . | . . . . Kills | -11 -10 -10 -8 ------- Run | Yrd Mat Sub Mat Combat Hostiles Destroyed 16 | . 8 8 . Guns 16 | . 8 8 . Classes Destroyed 6 | . 5 1 . Builder 1 | . 1 . . Hauler 1 | . 1 . . Operator 2 | . 2 . . Swarmer 6 | . 6 . . Grunt 2 | . 2 . . Subdweller 8 | . . 8 . Best Kill Streak 3 | . 3 2 . Combat Bots Only 3 | . 3 2 . Max Kills in Single Turn 1 | . 1 1 . Gunslinging . | . . . . Exploded . | . . . . Melee . | . . . . Uniques/NPCs Destroyed . | . . . . Combat | -11 -10 -10 -8 -------- Run | Yrd Mat Sub Mat Hostile Shots Fired 54 | . 23 31 . Missed 13 | . 5 8 . Hits 41 | . 18 23 . Projectile 41 | . 18 23 . Damage Taken 625 | . 155 470 . Core 63 | . 18 45 . Absorbed by Shields . | . . . . Core Remaining (%) 87 | 100 . 74 . Volleys Fired 41 | . 19 22 . Largest 2 | . 2 2 . Hottest 60 | . 46 60 . Shots Fired 82 | . 38 44 . Gun 82 | . 38 44 . Cannon . | . . . . Launcher . | . . . . Special . | . . . . Kinetic 82 | . 38 44 . Thermal . | . . . . Explosive . | . . . . Electromagnetic . | . . . . Robot Hit Streak 11 | . 6 11 . Robot Miss Streak 3 | . 3 2 . Penetration Max . | . . . . Secondary Targets 2 | . 1 1 . Max Gunslinging Chain 1 | . 1 1 . Shots Hit Robots 60 | . 22 38 . Core Hits 26 | . 12 14 . Critical Kills 3 | . 1 2 . Critical Parts Destroyed . | . . . . Critical Strikes 4 | . 1 3 . Destroy 4 | . 1 3 . Melee Attacks 6 | . . 6 . Impact . | . . . . Slashing 6 | . . 6 . Piercing . | . . . . Sneak Attacks . | . . . . Combat Hostiles . | . . . . Follow-up Attacks . | . . . . Damage Inflicted 1042 | . 350 692 . Guns 1042 | . 350 692 . Cannons . | . . . . Explosions . | . . . . Melee . | . . . . Ramming . | . . . . Kinetic 1042 | . 350 692 . Thermal . | . . . . Explosive . | . . . . Electromagnetic . | . . . . Impact . | . . . . Slashing . | . . . . Piercing . | . . . . Highest Corruption . | . . . . Average Corruption . | . . . . Corruption Purged . | . . . . Corruption Blocked . | . . . . Overload Shots . | . . . . Overflow Damage . | . . . . Projectiles . | . . . . Explosions . | . . . . Melee . | . . . . Knockbacks . | . . . . Impact . | . . . . Kinetic . | . . . . Secondary . | . . . . Self-Inflicted Damage . | . . . . Shots . | . . . . Rammed . | . . . . Targets Rammed . | . . . . Kicked . | . . . . Crushed . | . . . . Highest Temperature 22 | . 22 . . Average Temperature 8 | . 8 . . Received Heat Transfer 78 | . 12 66 . Siege Activations . | . . . . Martial Activations . | . . . . Shielding Activations . | . . . . Robots Disrupted . | . . . . Combat Hostiles . | . . . . Robots Corrupted . | . . . . Combat Hostiles . | . . . . Parts Fried . | . . . . Impact Corruptions . | . . . . Robots Melted . | . . . . Combat Hostiles . | . . . . Parts Melted . | . . . . Heat Transferred . | . . . . Parts Sabotaged . | . . . . Parts Stolen . | . . . . Parts Stripped . | . . . . Power Chain Reactions . | . . . . Alert | -11 -10 -10 -8 ------- Run | Yrd Mat Sub Mat Maximum Alert Level . | . . . . Low Security (%) 100 | 100 100 . . Level 1 . | . . . . Level 2 . | . . . . Level 3 . | . . . . Level 4 . | . . . . Level 5 . | . . . . High Security . | . . . . Max Security . | . . . . Peak Influence 134 | . 134 . . Initial . | . . . . Average 68 | . 78 . . Influence Increases 243 | . 243 . . Destroy 0b10 Robot/C 160 | . 160 . . Destroy 0b10 Robot/NC 20 | . 20 . . Destroy Leader 32 | . 32 . . Successful Hack 14 | . 14 . . Disable Machine 15 | . 15 . . Destroy Structure 2 | . 2 . . Influence Decreases 243 | . 184 59 . Entered New Map 29 | . . 29 . Time Decay 214 | . 184 30 . Squads Dispatched 1 | . 1 . . Investigation . | . . . . Extermination . | . . . . Reinforcement 1 | . 1 . . Assault . | . . . . Garrison . | . . . . Intercept . | . . . . Searches Triggered . | . . . . Construction Impeded . | . . . . Haulers Reinforced . | . . . . Active Scanning Responses . | . . . . Cargo Convoy Interrupts . | . . . . Stealth | -11 -10 -10 -8 --------- Run | Yrd Mat Sub Mat Distress Signals 1 | . 1 . . Communications Jammed . | . . . . Distress Signals . | . . . . Times Spotted 23 | . 15 8 . Peak Tracking Total 4 | . 4 2 . Tactical Retreats . | . . . . Traps | -11 -10 -10 -8 ------- Run | Yrd Mat Sub Mat Traps Triggered . | . . . . Indirectly . | . . . . Trap Hack Attempts . | . . . . Triggered . | . . . . Disarmed . | . . . . Reprogrammed . | . . . . Reused . | . . . . Traps Extracted . | . . . . Installed . | . . . . Triggered . | . . . . Machines | -11 -10 -10 -8 ---------- Run | Yrd Mat Sub Mat Machines Disabled 1 | . 1 . . Max in Single Turn 1 | . 1 . . Machines Repaired . | . . . . Machines Dismantled . | . . . . Machines Sabotaged . | . . . . Overloaded Fab Kills . | . . . . Hacking | -11 -10 -10 -8 --------- Run | Yrd Mat Sub Mat Machines Accessed 3 | . 3 . . Terminals 2 | . 2 . . Fabricators . | . . . . Repair Stations . | . . . . Recycling Units 1 | . 1 . . Scanalyzers . | . . . . Garrison Access . | . . . . Total Hacks 6 | . 6 . . Successful 2 | . 2 . . Failed 4 | . 4 . . Catastrophic 2 | . 2 . . Database Lockouts . | . . . . Manual 5 | . 5 . . Terminals 5 | . 5 . . Fabricators . | . . . . Repair Stations . | . . . . Recycling Units 1 | . 1 . . Scanalyzers . | . . . . Garrison Access . | . . . . Terminal Hacks . | . . . . Fabricator Hacks . | . . . . Repair Station Hacks . | . . . . Recycling Unit Hacks 1 | . 1 . . Retrieve Components 1 | . 1 . . Scanalyzer . | . . . . Garrison Access Hacks . | . . . . Unauthorized Hacks 1 | . 1 . . Terminals 1 | . 1 . . Botnet 1 | . 1 . . Fabricators . | . . . . Repair Stations . | . . . . Recycling Units . | . . . . Scanalyzers . | . . . . Garrison Access . | . . . . Data Cores Recovered 1 | . 1 . . Used . | . . . . Hacking Detections 2 | . 2 . . Full Trace Events . | . . . . Feedback Events . | . . . . Feedback Blocked . | . . . . Robot Schematics Acquired . | . . . . Robots Built . | . . . . Authchips . | . . . . Time . | . . . . Total Robot Build Rating . | . . . . Part Schematics Acquired . | . . . . Parts Built . | . . . . Authchips . | . . . . Time . | . . . . Total Part Build Rating . | . . . . Part Studies Acquired . | . . . . Parts Repaired . | . . . . Time . | . . . . Parts Recycled . | . . . . Recycled Matter . | . . . . Retrieved Matter . | . . . . Retrieved Components 9 | . 9 . . Parts Scanalyzed . | . . . . Part Schematics Acquired . | . . . . Parts Damaged . | . . . . Bothacking | -11 -10 -10 -8 ------------ Run | Yrd Mat Sub Mat Used RIF Installer . | . . . . Robots Hacked . | . . . . Non-combat . | . . . . Combat . | . . . . Robot Hacks Applied . | . . . . Relay Couplers Released . | . . . . Fabnet Peak Effective % . | . . . . Robots Rewired . | . . . . Allies Hacked . | . . . . Hacks Repelled . | . . . . Allies | -11 -10 -10 -8 -------- Run | Yrd Mat Sub Mat Total Allies . | . . . . Largest Group . | . . . . Highest-Rated Group . | . . . . Highest-Rated Ally . | . . . . Total Orders . | . . . . Ally Attacks . | . . . . Total Damage . | . . . . Kills . | . . . . Allies Corrupted . | . . . . Allies Melted . | . . . . Intel | -11 -10 -10 -8 ------- Run | Yrd Mat Sub Mat Active Infowar (turns) 191 | . . 191 . Optics 191 | . . 191 . Robot Analysis Total . | . . . . Derelict Logs Recovered . | . . . . Drone Launches . | . . . . Drone Recoveries . | . . . . Exploration | -11 -10 -10 -8 ------------- Run | Yrd Mat Sub Mat Turns Passed 1424 | 65 450 909 . Spaces Moved 747 | 37 232 478 . Core 5 | 5 . . . Treads 742 | 32 232 478 . Legs . | . . . . Wheels . | . . . . Hover . | . . . . Flight . | . . . . Fastest Speed 50 | 50 160 160 . Average Speed 159 | 145 160 160 . Slowest Speed 240 | 160 160 240 . Overloaded Moves . | . . . . Propulsion Burnouts . | . . . . Robots Hopped . | . . . . Potential Cave-ins . | . . . . Cave-ins Triggered . | . . . . Exploration Rate (%) 31 | 3 48 43 . Regions Visited 3 Branch Regions 1 Pre-discovered Areas . | . . . . Known Exits Taken . | . . . . Unknown Exits Taken 3 | 1 1 1 . Scrap Searched 3 | . . 3 . Spaces Dug . | . . . . Terrain Destroyed . | . . . . Melee . | . . . . Projectile . | . . . . AOE . | . . . . Terrain Rammed . | . . . . Walls Destroyed . | . . . . Machines Disabled . | . . . . Actions | -11 -10 -10 -8 --------- Run | Yrd Mat Sub Mat Total 897 | 45 283 569 . Wait 54 | . 12 42 . Move 744 | 36 231 477 . Hop . | . . . . Pick Up 21 | 3 10 8 . Fast Attach 9 | 6 1 2 . Attach 1 | . . 1 . Detach . | . . . . Swap 10 | . 4 6 . Drop 11 | . 6 5 . Fire 41 | . 19 22 . Melee 6 | . . 6 . Ram . | . . . . Kick . | . . . . Crush . | . . . . Escape Stasis . | . . . . Rewire . | . . . . Trap . | . . . . Miscellaneous . | . . . . Route ------- -11/Scrapyard -10/Materials (discovered 3 exits: [*Min x2] / [*Sub]) -10/Subcaves (discovered 2 exits: [*Mat x2]) -8/Materials History --------- Turn | Location | Event 12 | -11/Scrapyard | Discovered new exit (range 15) 66 | -11/Scrapyard | Entered Materials 227 | -10/Materials | Discovered new exit (range 16) 264 | -10/Materials | Discovered new exit (range 15) 305 | -10/Materials | Build established: Mutant 483 | -10/Materials | Discovered new exit (range 10) 516 | -10/Materials | Entered Subcaves 565 | -10/Subcaves | Disturbed a concealed Subdweller 1086 | -10/Subcaves | Shifting Twisted Machinery released Battle Rifle 1291 | -10/Subcaves | Discovered new exit (range 15) 1349 | -10/Subcaves | Discovered new exit (range 14) 1425 | -10/Subcaves | Entered Materials 1425 | -8/Materials | Evolved 4 slots: Propulsion x2, Utility x2 1425 | -8/Materials | Self-destructed Last Messages --------------- 01153_ Dropped Autogun. 01156_ Dropped Lgt. Assault Rifle. 01156_ Acquired Sub. Machine Gun. 01157_ Acquired 23 matter. 01197_ Subatomizers dissect the Aluminum Leg. 01291_ EXIT=FOUND 01368_ PW-PTE(R) destroyed. 01368_ Switching to secondary target: B0-GE6(R). 01370_ MX-GWW(O) collects matter. 01372_ Lgt. Treads destroyed. 01377_ MX-GWW(O) puts together Mak. Light Armor Plating. 01379_ B0-GE6(R) destroyed. 01380_ MX-GWW(O) collects matter. 01385_ Dropped Imp. Ion Engine. 01387_ Acquired Lgt. Humpback. 01390_ Acquired Mak. Light Armor Plating. PARAMETERS=PROPULSION+2,UTILITY+2 LOCATION=UNKNOWN GOAL=ESCAPE Map ----- +----------------------------------------------------+ | | | | | | | | | | | | | | | | | | | | | | | ?????????????????????????????????????????????????? | | ?????????????????????????????????????????????????? | | ?????????????????????????????????????????????????? | | ?????????????????????????????????????????????????? | | ?????????????????????????????????????????????????? | | ?????????????????????????????????????????????????? | | ?????????????????????????????????????????????????? | | ?????????????????????????????????????????????????? | | ?????????????????????????????????????????????????? | | ?????????????????????????????????????????????????? | | ?????????????????????????????????????????????????? | | ?????????????????????????????????????????????????? | | ???????????????????????#####?????????????????????? | | ???????????????????????# #?????????????????????? | | ???????????????????????# @ #?????????????????????? | | ???????????????????????# #?????????????????????? | | ???????????????????????+ #?????????????????????? | | ???????????????????????# ?????????????????????? | | ???????????????????????# ????????????????????? | | ???????????????????????# ???????????????????? | | ???????????????????????#######???????????????????? | | ?????????????????????????????????????????????????? | | ?????????????????????????????????????????????????? | | ?????????????????????????????????????????????????? | | ?????????????????????????????????????????????????? | | ?????????????????????????????????????????????????? | | ?????????????????????????????????????????????????? | | ?????????????????????????????????????????????????? | | ?????????????????????????????????????????????????? | | ?????????????????????????????????????????????????? | | ?????????????????????????????????????????????????? | | ?????????????????????????????????????????????????? | | ?????????????????????????????????????????????????? | | ?????????????????????????????????????????????????? | | ?????????????????????????????????????????????????? | | ?????????????????????????????????????????????????? | | ?????????????????????????????????????????????????? | | ?????????????????????????????????????????????????? | | ?????????????????????????????????????????????????? | +----------------------------------------------------+ Best States ------------- Heat Dissipation 25 Energy Generation 12 Energy Capacity 265 Matter Stores 400 Matter Capacity 400 Sight Range 21 Terrain Scan Density 10 Armor Coverage 100 Evasion (%) 40 Recoil Reduction 2 Item Schematics ----------------- None Robot Schematics ------------------ None Fabricated ------------ Nothing Repaired ---------- Nothing Studied --------- None Alien Tech Used ----------------- None Achievements -------------- None Challenges ------------ None Game ------ Seed HardcellTachyonNeutralizer Manual? 0 Play Time 00:09:47 Cumulative 160.6 hours Start 2026.08.04 @ 00:27:39 End 2026.08.04 @ 00:38:36 Sessions 1 Manual Loads 0 Difficulty Rogue Special Mode None Game No. 170 Rogue 116 Adventurer 54 Explorer 0 Win Type - Total 7 Types 3/0/1/1/0/0/0/1/0/1 Lore% 63 Gallery% 57 Achievement% 53 Wizard Run 0 Options --------- Layout 1 ASCII 0 Keyboard 0 Movement Mouse Keybinds 1 Fullscreen 2 Font 32/Tamsyn Map View 50x35 Zoom Use 0% Tactical HUD 1 Map Filters NONE Filters NONE Steam 1 RUN: 7fa2877e-0376-4800-a42c-65b579b3e9c8